 Dungeon Crawl Stone Soup version 0.30-a0-368-g86fb4627a9 (webtiles) character file.

Game seed: 740552151653417345

8177 qeuew the Chopper (level 11, -10/56 HPs)
             Began as a Vine Stalker Fighter on Nov 18, 2022.
             Was a Follower of the Shining One.
             Mangled by an orc warlord
             ... wielding a +5 broad axe
              (22 damage)
             ... on level 9 of the Dungeon.
             The game lasted 00:15:52 (7936 turns).

qeuew the Chopper (Vine Stalker Fighter)            Turns: 7936, Time: 00:15:53

Health: -10/56     AC: 11    Str: 19    XL:     11   Next: 26%
Magic:  0/20       EV: 12    Int: 21    God:    the Shining One [*.....]
Gold:   537        SH:  6    Dex: 19    Spells: 19/20 levels left

rFire   . . .      SeeInvis .    B - +3 war axe
rCold   + . .      Faith    .    c - +0 buckler
rNeg    . . .      Spirit   +    b - +0 scale mail
rPois   +          Reflect  .    (no helmet)
rElec   .          Harm     .    e - +1 cloak of the Cockroach {rPois rC+ Int+4}
rCorr   .          Rampage  .    k - +1 pair of gloves
Will    +....      Rage     3%   (no boots)
Stlth   ..........               h - amulet of magic regeneration
HPRegen 1.09/turn                p - ring of poison resistance
MPRegen 0.57/turn                w - +6 ring of intelligence

@: about to teleport, on berserk cooldown, slowed, glowing, very slow
A: fangs 3, regeneration 1, magic shield, antimagic bite, no potion heal 2,
agile 1, berserk 1, clever 1
a: Renounce Religion, Divine Shield


You were on level 9 of the Dungeon.
You worshipped the Shining One.
The Shining One was aware of your devotion.
You visited 2 branches of the dungeon, and saw 10 of its levels.
You also visited: Bailey.

You collected 537 gold pieces.

Inventory:

Hand Weapons
 B - a +3 war axe (weapon)
Armour
 b - a +0 scale mail (worn)
 c - a +0 buckler (worn)
 e - the +1 cloak of the Cockroach (worn) {rPois rC+ Int+4}
   (You found it on level 2 of the Dungeon)

   Int:       It affects your intelligence (+4).
   rC:        It protects you from cold.
   rPois:     It protects you from poison.
 k - a +1 pair of gloves (worn)
Jewellery
 h - an amulet of magic regeneration (around neck)
 p - a ring of poison resistance (left hand)
 w - a +6 ring of intelligence (right hand)
Wands
 n - a wand of charming (17)
 q - a wand of flame (2)
 r - a wand of quicksilver (11)
Scrolls
 a - a scroll of acquirement
 i - a scroll of enchant armour
 m - a scroll of teleportation
 t - a scroll of identify
 v - 3 scrolls of enchant weapon {unknown}
 x - a scroll of magic mapping {unknown}
 y - a scroll of fear {unknown}
Potions
 d - 3 potions of might
 f - 7 potions of curing
 j - 5 potions of haste
 l - a potion of magic
 o - a potion of resistance
 s - 2 potions of ambrosia
 u - a potion of cancellation {unknown}
 z - a potion of brilliance
 A - a potion of experience {unknown}


   Skills:
 + Level 5.9 Fighting
 * Level 7.8 Axes
 + Level 5.3 Armour
 + Level 4.6 Dodging
 + Level 6.0 Shields
 + Level 5.4 Spellcasting
 + Level 5.4 Conjurations
 + Level 5.5 Air Magic


You had 19 spell levels left.
You knew the following spells:

 Your Spells              Type           Power      Damage    Failure   Level
a - Shock                 Conj/Air       100%       1d9       3%          1

Your spell library contained the following spells:

 Spells                   Type           Power      Damage    Failure   Level
 Swiftness                Air            29%        N/A       11%         3
 Poisonous Vapours        Pois/Air       34%        N/A       19%         2
 Mephitic Cloud           Conj/Pois/Air  21%        N/A       24%         3
 Cigotuvi's Dreadful Rot  Necr/Pois/Air  26%        N/A       26%         2
 Hailstorm                Conj/Ice       17%        3d6       34%         3
 Freeze                   Ice            20%        1d4       36%         1
 Summon Small Mammal      Summ           20%        N/A       36%         1
 Airstrike                Air            14%        2d(3-19)  36%         4
 Call Canine Familiar     Summ           5%         N/A       73%         3
 Frozen Ramparts          Ice            10%        1d2       73%         3
 Ozocubu's Armour         Ice            5%         N/A       73%         3
 Summon Guardian Golem    Hex/Summ       5%         N/A       73%         3
 Metabolic Englaciation   Hex/Ice        2%         N/A       100%        5
 Simulacrum               Ice/Necr       2%         N/A       100%        6


Dungeon Overview and Level Annotations

Branches:
Dungeon (9/15)             Temple (1/1) D:7          Bailey (visited)
   Lair: D:8-11         Orc: D:9-12

Altars:
Ashenzari
Cheibriados
Dithmenos
Elyvilon
Fedhas
Gozag
Hepliaklqana
Kikubaaqudgha
Makhleb
Nemelex Xobeh
Okawaru
Ru
Sif Muna
Trog
Uskayaw
Vehumet
Wu Jian
Xom
Yredelemnul
Zin
The Shining One

Shops:
D:4 =![=   D:5 !


Innate Abilities, Weirdness & Mutations

You have razor-sharp teeth.
Your natural rate of healing is unusually fast.
When hurt, damage is shared between your health and your magic reserves.
Your bite disrupts and absorbs the magic of your enemies.
Potions cannot restore your health.
You are agile. (Dex +4, Str/Int -1)
You sometimes lose your temper in combat.
Your mind is acute. (Int +4, Str/Dex -1)


Message History

You hit the orc warrior.
You kill the orc warrior!
You hit the orc warlord. You slash the orc!
You kill the orc!
The orc warlord hits you with a +5 broad axe!!
* * * LOW HITPOINT WARNING * * *
Your Shields skill increases to level 6!
Things that are here:
a +0 war axe; a +0 chain mail; an orc corpse You feel a strong urge to attack something.
You see here 19 gold pieces.
You slash the orc warlord! You bite the orc warlord! You drain its power.
You feel invigorated.
The orc warlord is moderately wounded.
You block the orc warlord's attack.
You see here 4 gold pieces.
You feel a strong urge to attack something.
You are no longer berserk.
You are exhausted.
You feel yourself slow down.
Unknown command.
Blink to where?
Press: ? - help, Dir - move target
As you read the scroll of blinking, it crumbles to dust.
There is an open door here.
Items here: ))) [[[ ÷ †.
There is a fountain of clear blue water here.
There is a gate leading back out of this place here.
The orc warlord hits you with a +5 broad axe! x2
Welcome back to the Dungeon!
There is an empty arch of ancient stone here.
As you read the scroll of teleportation, it crumbles to dust.
You feel strangely unstable.
The orc warlord hits you with a +5 broad axe!
* * * LOW HITPOINT WARNING * * *
Unknown command.
The orc warlord misses you.
The orc warlord attacks as you move away!
The orc warlord hits you with a +5 broad axe!!
You die...

...####.###..!...!..# #<# ####
#.# #.###.##### #.### #.###.# #.#
#.##. #.....# #!# #.##.
###.#####)### #.##. #.# #..)..#
########)##. ####### #.# #..)..#
#[.....).... ......# #.# #!!∩o!#
#.###)...##. ......###.# #..!@[#
#.# #)#####.
..P....##.###.....####.###.#####.
..P.........#######..............
......####### ##...##.##########
......## #.............#
.####}.#########.....)..####.#
.#.................###..#
.#._..##########.### #..# .#....#
#.# #.)# #.####


You could see an orc warlord.

Vanquished Creatures
  A two-headed ogre (D:8)
  An orc knight (Bailey)
  Pikel (D:8)
  3 kobold demonologists (D:9)
  A hornet (D:6)
  A troll (D:9)
  Grinder (D:6)
  A vampire (D:9)
  A wyvern (D:6)
  Menkaure (D:4)
  2 water moccasins (D:5)
  17 orc warriors
  A sky beast (D:4)
  A black bear (D:6)
  2 ice beasts
  3 centaurs
  2 ogres (D:4)
  3 phantoms
  2 kobold brigands (D:9)
  3 bullfrogs
  3 scorpions
  3 necrophages
  3 wights (D:8)
  3 howler monkeys (D:7)
  A jelly (D:5)
  9 orc priests
  3 hounds
  Crazy Yiuf (D:2)
  Jessica (D:2)
  7 iguanas
  4 orc wizards
  Robin (D:2)
  14 gnolls
  10 adders
  2 shadow imps
  2 white imps
  2 ufetubi (D:5)
  2 worms
  2 dart slugs
  39 orcs
  5 bats
  8 endoplasms
  5 giant cockroaches
  34 goblins
  15 hobgoblins
  7 kobolds
  8 quokkas
  8 ball pythons
  7 frilled lizards
  9 rats
266 creatures vanquished.

Vanquished Creatures (others)
  17 fungi (D:9)
  2 plants (D:7)
19 creatures vanquished.

Grand Total: 285 creatures vanquished

Notes
Turn   | Place    | Note
-------+----------+-------------------------------------------
     0 | D:1      | qeuew the Vine Stalker Fighter began the quest for the Orb.
     0 | D:1      | Reached XP level 1. HP: 11/11 MP: 2/2
    70 | D:1      | Reached skill level 2 in Axes
    70 | D:1      | Reached XP level 2. HP: 12/16 MP: 3/3
   379 | D:1      | Reached XP level 3. HP: 16/19 MP: 3/5
   399 | D:1      | Learned a level 1 spell: Shock
   836 | D:2      | Reached skill level 1 in Spellcasting
   871 | D:2      | Gained mutation: Your natural rate of healing is unusually
                  | fast. [Vine Stalker growth]
   871 | D:2      | Reached XP level 4. HP: 23/23 MP: 6/6
   897 | D:2      | Identified the +1 cloak of the Cockroach {rPois rC+ Int+4}
   910 | D:2      | Identified the +0 cloak "Larifi" {Int+3}
  1046 | D:2      | Found a runed translucent door.
  1047 | D:2      | Noticed Crazy Yiuf
  1148 | D:2      | Noticed Robin
  1172 | D:2      | Killed Robin
  1276 | D:2      | Noticed Jessica
  1282 | D:2      | Killed Jessica
  1283 | D:2      | Reached XP level 5. HP: 24/28 MP: 7/7
  1357 | D:2      | Reached skill level 1 in Air Magic
  1392 | D:2      | Reached skill level 1 in Dodging
  1713 | D:2      | Reached skill level 3 in Axes
  1713 | D:2      | Reached skill level 1 in Conjurations
  1815 | D:2      | Killed Crazy Yiuf
  2406 | D:3      | Found a blossoming altar of Fedhas.
  2531 | D:4      | Reached XP level 6. HP: 6/32 MP: 2/9
  2636 | D:4      | Found an opulent altar of Gozag.
  3039 | D:4      | Reached XP level 7. HP: 11/36 MP: 3/10
  3069 | D:4      | Noticed Menkaure
  3076 | D:4      | Killed Menkaure
  3109 | D:4      | Found Zine's Antique Armour Shoppe.
  3109 | D:4      | Found Litech's Jewellery Shoppe.
  3110 | D:4      | Found Ajeokamp's Jewellery Shoppe.
  3110 | D:4      | Found Utium's Distillery.
  3257 | D:4      | Reached skill level 4 in Axes
  3530 | D:4      | Gained mutation: You are agile. (Dex +4, Str/Int -1)
                  | [potion of mutation]
  3530 | D:4      | Gained mutation: You sometimes lose your temper in combat.
                  | [potion of mutation]
  3530 | D:4      | Gained mutation: Your mind is acute. (Int +4, Str/Dex -1)
                  | [potion of mutation]
  3573 | D:5      | Entered Level 5 of the Dungeon
  3592 | D:5      | Gained mutation: You have razor-sharp teeth. [Vine Stalker
                  | growth]
  3592 | D:5      | Reached XP level 8. HP: 38/42 MP: 12/12
  3600 | D:5      | Found Emoiviut's Distillery.
  3671 | D:5      | Found an ancient bone altar of Kikubaaqudgha.
  3676 | D:5      | Found a broken altar of Ashenzari.
  3863 | D:5      | Found a white marble altar of Elyvilon.
  4137 | D:5      | Reached skill level 5 in Axes
  4158 | D:5      | Reached XP level 9. HP: 45/45 MP: 13/15
  4343 | D:5      | Found a snail-covered altar of Cheibriados.
  4556 | D:6      | Noticed Grinder
  4572 | D:6      | Killed Grinder
  4809 | D:6      | Found a bloodstained altar of Trog.
  4828 | D:6      | Noticed a hornet
  4844 | D:6      | Paralysed by a hornet for 2 turns
  4855 | D:6      | Killed a hornet
  5215 | D:6      | Found a glowing silver altar of Zin.
  5471 | D:6      | Reached skill level 6 in Axes
  5702 | D:6      | Found a shimmering blue altar of Sif Muna.
  5975 | D:7      | Reached skill level 5 in Shields
  6108 | D:7      | Found a faded altar of an unknown god.
  6119 | D:7      | Reached XP level 10. HP: 51/51 MP: 17/17
  6120 | D:7      | Found a faded altar of an unknown god.
  6120 | D:7      | Found a hazy altar of Hepliaklqana.
  6237 | D:7      | Reached skill level 5 in Fighting
  6313 | D:7      | Found a staircase to the Ecumenical Temple.
  6338 | Temple   | Entered the Ecumenical Temple
  6511 | Temple   | Became a worshipper of the Shining One
  6664 | D:8      | Found an iron altar of Okawaru.
  6699 | D:8      | Noticed a two-headed ogre
  6711 | D:8      | Killed a two-headed ogre
  7002 | D:8      | Found an ornate altar of the Wu Jian Council.
  7002 | D:8      | Noticed Pikel
  7014 | D:8      | Killed Pikel
  7126 | D:9      | Noticed a kobold demonologist
  7126 | D:9      | Noticed a kobold demonologist
  7134 | D:9      | Killed a kobold demonologist
  7134 | D:9      | Reached * piety under the Shining One
  7135 | D:9      | Reached skill level 7 in Axes
  7138 | D:9      | Killed a kobold demonologist
  7144 | D:9      | Reached skill level 5 in Spellcasting
  7148 | D:9      | Noticed a kobold demonologist
  7160 | D:9      | Killed a kobold demonologist
  7161 | D:9      | Reached skill level 5 in Armour
  7161 | D:9      | Reached skill level 5 in Air Magic
  7205 | D:9      | Reached skill level 5 in Conjurations
  7360 | D:9      | Found a shadowy altar of Dithmenos.
  7372 | D:9      | HP: 1/50 [troll (4)]
  7581 | D:9      | Found a flagged portal.
  7597 | Bailey   | Entered a bailey
  7626 | Bailey   | Reached XP level 11. HP: 39/56 MP: 19/19
  7717 | Bailey   | Noticed an orc knight
  7736 | Bailey   | Killed an orc knight
  7883 | Bailey   | Noticed an orc warlord
  7936 | D:9      | Mangled by an orc warlord

Illustrated notes

Levels and vault maps discovered:
D:1:      dpeg_arrival_ratfight, layout_basic, grunt_decor_cap
D:2:      layout_basic, uniq_jessica, uniq_crazy_yiuf_cottage, uniq_robin
D:3:      layout_loops_cross, mainiacjoe_overflow_alcove_2,
          nicolae_elevator_lobby_plus
D:4:      layout_basic, nicolae_gozag_seed_capital, minmay_shop_grid_forest,
          uniq_menkaure
D:5:      minmay_chambers_of_threes, layout_basic, elyvilon_altar_4,
          cheibrodos_worm_habitat, amethyst_overflow_temple_binary,
          serial_shops, nicolae_shop_temple_entry_statues_fountains,
          minmay_tree_intersection
D:6:      layout_layer_cave, mainiacjoe_overflow_six_doors_small,
          lemuel_round_altar, bloody_trog, uniq_grinder
D:7:      layout_rooms, nicolae_hepliaklqana_ecumenical_no_more,
          minmay_temple_entry_butterflies
D:8:      layout_rooms, old_standard_altar, nicolae_wu_jian_immortal_techniques,
          uniq_pikel
D:9:      layout_loops_ring, mainiacjoe_overflow_chevrons, enter_bailey_7
Temple:   hellmonk_temple_flake

Skill      XL: |  1  2  3  4  5  6  7  8  9 10 11 |
---------------+----------------------------------+-----
Axes           | 2 3 4 5 6 7 |  7.8
Spellcasting   | 1 2 3 4 5 |  5.4
Shields        | 3 4 5 6 |  6.0
Fighting       | 3 4 5 |  5.9
Air Magic      | 1 2 3 4 5 |  5.5
Dodging        | 1 2 3 4 |  4.6
Conjurations   | 1 2 3 4 5 |  5.4
Armour         | 3 4 5 |  5.3

Action                   |  1- 3 |  4- 6 |  7- 9 | 10-12 || total
-------------------------+-------+-------+-------+-------++-------
Melee: War axe           |    75 |   178 |   205 |   173 ||   631
       Bite              |    12 |    36 |    76 |    73 ||   197
 Cast: Shock             |       |       |   105 |   132 ||   237
  Use: Scroll            |     4 |     3 |     4 |     6 ||    17
       Potion            |       |     5 |     3 |     2 ||    10
Armor: Scale mail        |    20 |    78 |   143 |    56 ||   297
Dodge: Dodged            |    40 |    93 |   143 |   105 ||   381
Block: Buckler           |    16 |    48 |    77 |    81 ||   222

Table legend: (Time is in decaauts)
 A = Elapsed time spent in this place.
 B = Non-inter-level travel time spent in this place.
 C = Inter-level travel time spent in this place.
 D = Time resting spent in this place.
 E = Time spent auto-exploring this place.
 F = Levels seen in this place.
 G = Mean time per level.
                   A        B        C        D        E       F      G
               +--------+--------+--------+--------+--------+-----+--------+
         Total |   8238 |   7976 |    262 |     27 |   6035 |  11 |  748.9 |
       Dungeon |   7681 |   7447 |    234 |     27 |   5752 |   9 |  853.4 |
        Temple |    183 |    156 |     27 |      0 |    145 |   1 |  183.0 |
        Bailey |    373 |    373 |      0 |      0 |    138 |   1 |  373.0 |
               +--------+--------+--------+--------+--------+-----+--------+

Top non-repeatable levels by time:
     D:6: 1439 daAuts
     D:2: 1160 daAuts
     D:4: 1079 daAuts
     D:5: 966 daAuts
     D:1: 789 daAuts
     D:3: 670 daAuts
     D:7: 570 daAuts
     D:9: 510 daAuts
     D:8: 495 daAuts
  Bailey: 373 daAuts
  Temple: 183 daAuts
